Map: [ESL] Data-C

Players

ShaDoWn

  • Race: Protoss Protoss
  • Spawn Location: 9:00

Serral - Winner!

  • Race: Zerg Zerg
  • Spawn Location: 3:00

Event: DreamHack SC2 Masters 2022 Atlanta (Online)

VOD

Have the link to the VOD?

Description

Time

  • Played on: Oct. 6, 2022, 1:31 p.m.
  • Length: 8:14

All games in this series

Show
View Real Time Build Order
Export as new Build Order

ShaDoWn Protoss 

Build Orders: 1 Gate Expand, Oracle Opening, Zealot Archon 

Get SALT Encoding   

  12  0:00  Probe  
  13  0:12  Probe  
  14  0:19  Pylon  
  14  0:24  Probe  
  15  0:30  Assimilator  
  15  0:37  Probe (Chrono Boost)  
  16  0:43  Gateway  
  16  0:47  Probe (Chrono Boost)  
  17  0:52  Probe (Chrono Boost)  
  19  1:04  Probe  
  19  1:16  Probe  
  20  1:24  Nexus  
  20  1:33  Cybernetics Core  
  20  1:37  Probe  
  21  1:42  Assimilator  
  21  1:49  Probe  
  21  1:50  Pylon  
  22  2:01  Probe  
  23  2:10  Adept (Chrono Boost), Warp Gate  
  23  2:13  Probe (Chrono Boost)  
  26  2:18  Stargate  
  26  2:22  Probe (Chrono Boost)  
  27  2:27  Probe (Chrono Boost)  
  28  2:35  Probe  
  28  2:40  Probe  
  29  2:48  Probe  
  30  2:54  Probe  
  30  2:56  Stalker  
  33  3:00  Probe  
  33  3:02  Oracle (Chrono Boost)  
  37  3:06  Probe  
  37  3:12  Probe  
  38  3:18  Probe  
  39  3:24  Probe  
  40  3:30  Probe (Chrono Boost)  
  43  3:34  Oracle (Chrono Boost)  
  43  3:38  Pylon  
  43  3:41  Probe (Chrono Boost)  
  45  3:42  Probe (Chrono Boost)  
  46  3:50  Probe (Chrono Boost)  
  46  3:55  Nexus, Probe  
  46  4:00  Probe  
  46  4:02  Pylon  
  48  4:07  Probe  
  48  4:08  Oracle (Chrono Boost)  
  52  4:12  Probe  
  52  4:14  Assimilator  
  53  4:17  Assimilator  
  53  4:22  Probe (Chrono Boost)  
  54  4:24  Probe (Chrono Boost)  
  54  4:28  Twilight Council  
  55  4:34  Probe (Chrono Boost)  
  55  4:35  Probe (Chrono Boost)  
  57  4:39  Probe (Chrono Boost)  
  57  4:41  Zealot  
  57  4:43  Probe  
  58  4:46  Pylon  
  58  4:51  Probe  
  57  4:54  Forge  
  57  4:55  Blink  
  57  4:57  Probe (Chrono Boost)  
  57  4:58  Gateway  
  58  5:02  Gateway  
  58  5:03  Probe (Chrono Boost)  
  60  5:09  Zealot  
  60  5:13  Probe x3 (Chrono Boost)  
  64  5:16  Shield Battery  
  64  5:18  Probe (Chrono Boost)  
  64  5:19  Probe  
  64  5:20  Probe  
  67  5:26  Protoss Ground Weapons Level 1 (Chrono Boost)  
  67  5:31  Probe (Chrono Boost)  
  67  5:32  Probe (Chrono Boost), Stalker  
  72  5:36  Probe (Chrono Boost), Pylon  
  72  5:42  Probe (Chrono Boost), Pylon  
  74  5:45  Probe (Chrono Boost)  
  74  5:46  Probe (Chrono Boost)  
  74  5:47  Probe (Chrono Boost)  
  76  5:52  Assimilator  
  76  5:53  Probe  
  76  5:54  Assimilator  
  76  5:56  Probe  
  78  5:57  Probe, Stalker x3  
  85  6:05  Probe  
  85  6:08  Nexus  
  86  6:11  Pylon  
  86  6:12  Probe  
  87  6:19  Probe  
  87  6:22  Stalker x3  
  95  6:27  Probe  
  95  6:32  Templar Archives  
  95  6:35  Gateway  
  95  6:36  Gateway  
  95  6:40  Gateway  
  95  6:43  Pylon  
  95  6:48  Stalker x3  
  95  6:51  Probe  
  95  6:53  Shield Battery  
  102  6:58  Probe  
  102  7:00  Probe  
  104  7:07  Probe  
  105  7:10  Probe  
  105  7:12  Probe  
  107  7:15  Assimilator  
  107  7:17  Assimilator  
  107  7:18  Pylon  
  107  7:19  Probe  
  107  7:20  High Templar x3  
  107  7:22  Probe x2  
  116  7:33  Stalker x2  
  116  7:36  Stalker  
  116  7:47  Archon  
  116  7:49  Probe  
  109  7:55  Stalker x3  
  108  8:03  Stalker x3  
Show
View Real Time Build Order
Export as new Build Order

Serral Zerg - Winner!

Build Orders: Pool First 

Get SALT Encoding   

  12  0:00  Drone  
  13  0:11  Overlord  
  13  0:17  Drone  
  14  0:30  Drone x2  
  14  0:34  Drone  
  17  0:44  Spawning Pool  
  16  1:06  Hatchery  
  16  1:09  Drone  
  16  1:12  Drone  
  16  1:16  Drone  
  18  1:19  Extractor  
  17  1:30  Queen  
  17  1:31  Zergling x2  
  20  1:34  Zergling x2  
  21  1:43  Overlord  
  21  1:52  Drone  
  22  2:04  Drone  
  22  2:06  Queen  
  25  2:13  Drone  
  26  2:18  Drone  
  27  2:24  Drone  
  27  2:28  Drone  
  29  2:36  Drone, Hatchery  
  29  2:37  Drone  
  29  2:40  Drone  
  31  2:47  Metabolic Boost  
  31  2:53  Queen  
  32  2:59  Overlord  
  32  3:00  Drone  
  32  3:02  Drone  
  32  3:05  Drone  
  35  3:17  Queen  
  35  3:18  Overlord  
  38  3:20  Drone x2  
  38  3:23  Drone  
  38  3:26  Drone  
  41  3:27  Drone  
  41  3:28  Drone  
  41  3:30  Drone  
  41  3:33  Overlord  
  43  3:38  Queen  
  45  3:41  Drone  
  45  3:47  Drone  
  47  3:51  Zergling x8  
  47  3:52  Zergling x2  
  52  3:56  Queen  
  52  3:59  Spore Crawler  
  52  4:01  Spore Crawler  
  52  4:04  Drone  
  52  4:05  Drone  
  52  4:08  Drone  
  52  4:09  Drone  
  56  4:11  Drone x2  
  56  4:14  Drone  
  56  4:15  Drone  
  60  4:18  Overlord  
  60  4:20  Drone  
  60  4:21  Drone  
  60  4:23  Drone  
  63  4:29  Overlord  
  63  4:31  Zergling x2  
  64  4:32  Drone x2  
  63  4:39  Drone, Overlord  
  63  4:45  Overlord  
  64  4:46  Roach Warren  
  64  4:47  Drone x3  
  64  4:48  Drone  
  65  4:54  Lair  
  65  4:55  Drone  
  65  4:56  Drone, Extractor  
  65  4:57  Drone  
  65  4:58  Drone  
  65  4:59  Drone  
  69  5:01  Drone x2  
  69  5:05  Extractor  
  70  5:08  Zergling x4  
  70  5:09  Drone, Evolution Chamber  
  70  5:10  Drone  
  73  5:21  Zergling x2, Extractor  
  72  5:22  Drone x7  
  72  5:25  Drone x3  
  72  5:27  Queen  
  72  5:28  Extractor  
  83  5:29  Extractor  
  82  5:39  Hatchery  
  82  5:41  Drone x2  
  83  5:43  Spore Crawler  
  83  5:46  Drone x4  
  83  5:49  Zerg Missile Weapons Level 1  
  86  5:50  Overlord  
  86  5:52  Glial Reconstitution  
  86  5:53  Overlord  
  86  5:54  Overseer  
  85  5:57  Overlord  
  85  6:03  Roach x2  
  89  6:10  Roach x4  
  97  6:16  Roach x5  
  107  6:24  Roach x3  
  107  6:25  Nydus Network  
  112  6:28  Overseer  
  112  6:31  Overlord x3  
  112  6:32  Overlord  
  112  6:35  Overlord  
  112  6:36  Overlord  
  112  6:47  Overseer  
  112  6:48  Roach  
  112  6:51  Roach x8  
  129  6:55  Roach x2  
  129  6:56  Roach  
  135  7:05  Ravager x7  
  142  7:08  Nydus Canal  
  142  7:09  Overseer  
  142  7:10  Zergling x16  
  150  7:15  Overlord  
  150  7:17  Roach x3  
  150  7:20  Roach  
  158  7:26  Roach x2  
  162  7:31  Roach  
  162  7:32  Roach x2  
  162  7:34  Roach  
  162  7:35  Roach x3  
  176  7:41  Nydus Canal  
  164  7:52  Roach x6  
  164  7:55  Roach x3  
Tags
 
Add a new tag
Caveats
  • Supply blocks, unpowered buildings, or Contaminate may cause inaccurate times.
  • Supply counts are checked every 10 seconds.